 Dungeon Crawl Stone Soup version 0.22-a0-417-g1387785 (webtiles) character file.

122 Borgoz the Sneak (level 4, -6/23 HPs)
             Began as a Spriggan Assassin on May 14, 2018.
             Killed from afar by Ijyb (12 damage)
             ... with a wand of flame (27)
             ... on level 3 of the Dungeon.
             The game lasted 00:04:36 (3081 turns).

Borgoz the Sneak (Spriggan Assassin)                Turns: 3081, Time: 00:04:37

Health: -6/23      AC:  3    Str:  7    XL:     4   Next: 78%
Magic:  5/5        EV: 18    Int: 12    God:
Gold:   83         SH:  0    Dex: 18    Spells: 3/3 levels left

rFire    . . .     SeeInvis +   a - +2 dagger
rCold    . . .     Gourm    .   (shield restricted)
rNeg     . . .     Faith    .   c - +0 robe
rPois    .         Spirit   .   (helmet restricted)
rElec    .         Reflect  .   d - +0 cloak
rCorr    .         Harm     .   (gloves unavailable)
MR       .....                  (boots unavailable)
Stlth    ++++......             (no amulet)
HPRegen  0.07/turn              (no ring)
MPRegen  0.09/turn              (no ring)

@: very quick
A: very small, unfitting armour, see invisible, herbivore, speed 3, slow
metabolism 2
a: no special abilities


You were on level 3 of the Dungeon.
You were not hungry.

You visited 1 branch of the dungeon, and saw 4 of its levels.

You collected 83 gold pieces.

Inventory:

Hand Weapons
 a - a +2 dagger (weapon)
 b - a +0 blowgun
Missiles
 e - 8 poisoned needles
 f - 2 curare-tipped needles
Armour
 c - a +0 robe (worn)
 d - a +0 cloak (worn)
Scrolls
 h - 4 scrolls of teleportation {unknown}
 k - a scroll of noise {unknown}
 l - 2 scrolls of fear {unknown}
 m - a scroll of enchant weapon {unknown}
 n - a scroll of magic mapping {unknown}
 o - a scroll of identify {unknown}
Potions
 i - a potion of curing {unknown}
 j - a potion of haste {unknown}
 p - a potion of heal wounds {unknown}
 q - a potion of mutation {unknown}
Comestibles
 g - 2 rations


   Skills:
 + Level 2.0 Fighting
 + Level 3.4 Short Blades
 + Level 2.0 Throwing
 + Level 2.6 Dodging
 + Level 7.8 Stealth


You had 3 spell levels left.
You didn't know any spells.
Your spell library was empty.

Dungeon Overview and Level Annotations

Branches:
Dungeon (4/15)
 Temple: D:4-7

Altars:
Elyvilon

Annotations:
D:3 Ijyb


Innate Abilities, Weirdness & Mutations

You are very small and have problems with some larger weapons.
You are too small for most types of armour.
You have supernaturally acute eyesight. (SInv)
You are a herbivore.
You cover ground extremely quickly.
You need to consume almost no food.


Message History

You see here a dagger.
Ijyb zaps a wand.
The puff of flame misses you.
There is an open door here.
Ijyb misses you.
You hit Ijyb but do no damage. You hit Ijyb but do no damage.
Ijyb zaps a wand.
The puff of flame hits you!
You hit Ijyb.
Ijyb is lightly wounded.
Ijyb misses you.
You hit Ijyb but do no damage.
Ijyb is lightly wounded.
Ijyb zaps a wand.
The puff of flame hits you!
* * * LOW HITPOINT WARNING * * *
You are too injured to fight recklessly!
There is an open door here.
You close the door.
Ijyb opens the door.
Ijyb screams, "Level is mine!
All mine!"
Ijyb zaps a wand.
The puff of flame hits you!
Ouch! That really hurt!
You die...

######### #.......# #######
########.......####...).#
.......'.......+.##.....#
########....)..#.##.....#
.#######)[.....#.##g....##
.........)......@.'.........
..###############.#......###
..# #.#......# ..#
#..#####.# ..# ##.# .# ###
#.. # ..# ##.# #.# .. ..#
#.#


You could see Ijyb.

Vanquished Creatures
  An orc priest (D:3)
  An adder (D:3)
  3 gnolls (D:2)
  A dart slug (D:2)
  8 orcs (D:3)
  2 giant cockroaches
  2 goblins
  7 hobgoblins
  7 kobolds
  A quokka (D:2)
  A ball python (D:2)
  5 bats
  3 frilled lizards
  4 rats
46 creatures vanquished.

Notes
Turn   | Place    | Note
-------+----------+-------------------------------------------
     0 | D:1      | Borgoz the Spriggan Assassin began the quest for the Orb.
     0 | D:1      | Reached XP level 1. HP: 10/10 MP: 2/2
    14 | D:1      | Reached skill level 6 in Stealth
   108 | D:1      | Reached XP level 2. HP: 14/14 MP: 3/3
  1006 | D:2      | Reached skill level 7 in Stealth
  1006 | D:2      | Reached XP level 3. HP: 18/18 MP: 4/4
  1565 | D:2      | Found a white marble altar of Elyvilon.
  1970 | D:3      | Reached XP level 4. HP: 19/23 MP: 5/5
  2246 | D:2      | Found a white marble altar of Elyvilon.
  2798 | D:3      | Noticed Ijyb
  3081 | D:3      | Killed from afar by Ijyb

Vault maps used:
D:1:      minmay_arrival_arboretum_small, eino_curves_03
D:2:      lemuel_upstairs_altar, elyvilon_altar_4, corexii_corridor_pit
D:3:      lemuel_round_altar, serial_bayou_crossing, uniq_terence, uniq_ijyb,
          uniq_sigmund
D:4:      gammafunk_temple_overflow_elements, first_ration, grunt_ministairs_6,
          uniq_eustachio

Skill      XL: |  1  2  3  4 |
---------------+-------------+-----
Stealth        | 6 7 |  7.8
Dodging        | 2 |  2.6
Short Blades   | 3 |  3.4
Fighting       | 2 |  2.0
Throwing       | |  2.0

Action                   |  1- 3 |  4- 6 || total
-------------------------+-------+-------++-------
Melee: Dagger            |   122 |    83 ||   205
 Stab: Sleeping          |    15 |     1 ||    16
Armor: Robe              |    11 |     9 ||    20
Dodge: Dodged            |    82 |    97 ||   179

Table legend:
 A = Spawn XP
 B = Non-spawn XP
 C = Spawn XP percentage of total XP
 D = Spawn monster count
 E = Non-spawn monster count
 F = Spawn count percentage of total count
 G = Total turns spent on level
                    A         B        C        D         E        F      G
               +---------+---------+-------+---------+---------+-------+---------
         Total |       0 |     175 |   0.0 |       0 |      46 |   0.0 |  3081
               +---------+---------+-------+---------+---------+-------+---------
           D:1 |       0 |      28 |   0.0 |       0 |      19 |   0.0 |   545
           D:2 |       0 |      60 |   0.0 |       0 |      12 |   0.0 |  1757
           D:3 |       0 |      87 |   0.0 |       0 |      15 |   0.0 |   600
               +---------+---------+-------+---------+---------+-------+---------
